 Dungeon Crawl Stone Soup version 0.30-a0-12-gd8047c6341 (webtiles) character file.

Game seed: 8213225882496002313

231 ytrimaz the Insei (level 5, 0/44 HPs)
             Began as a Demonspawn Transmuter on Aug 24, 2022.
             Slain by an orc
             ... wielding a +0 trident
              (3 damage)
             ... on level 4 of the Dungeon.
             The game lasted 00:04:43 (3987 turns).

ytrimaz the Insei (Demonspawn Transmuter)           Turns: 3987, Time: 00:04:44

Health: 0/44       AC:  5    Str: 10    XL:     5   Next: 72%
Magic:  0/8        EV: 10    Int: 17    God:
Gold:   138        SH:  0    Dex: 13    Spells: 1/8 levels left

rFire   x . .      SeeInvis .      - Unarmed
rCold   + + +      Faith    .    (shield currently unavailable)
rNeg    + . .      Spirit   +    (body armour currently unavailable)
rPois   +          Reflect  .    (helmet currently unavailable)
rElec   .          Harm     .    (cloak currently unavailable)
rCorr   .          Rampage  .    (gloves currently unavailable)
Will    .....                    (boots currently unavailable)
Stlth   +.........               g - amulet of the acrobat
HPRegen 0.14/turn                i - ring of positive energy
MPRegen 0.22/turn                (no ring)

@: about to teleport, ice-form, marked
A: freezing attack, amphibious, boosted hp, large, magic shield, magic
regeneration, demonic magic 1
a: End Transformation


You were on level 4 of the Dungeon.
You were a creature of crystalline ice.
You visited 1 branch of the dungeon, and saw 4 of its levels.

You collected 138 gold pieces.

Inventory:

Armour
 a - a +0 robe (melded)
 j - a +0 cloak (melded)
 k - a +1 hat (melded)
Jewellery
 g - an amulet of the acrobat (around neck)
 i - a ring of positive energy (left front paw)
Scrolls
 d - a scroll of identify
Potions
 c - a potion of brilliance {unknown}
 e - 2 potions of haste
 f - a potion of lignification


   Skills:
 - Level 1.0 Fighting
 - Level 1.7 Dodging
 + Level 5.2 Unarmed Combat
 - Level 2.0 Spellcasting
 - Level 2.5 Transmutations
 * Level 1.6 Ice Magic


You had one spell level left.
You knew the following spells:

 Your Spells              Type           Power      Damage    Failure   Level
a - Beastly Appendage     Tmut           20%        N/A       7%          1
b - Wereblood             Tmut           10%        N/A       11%         2
c - Ice Form              Ice/Tmut       8%         N/A       63%         4

Your spell library contained the following spells:

 Spells                   Type           Power      Damage    Failure   Level
 Blink                    Tloc           2%         N/A       28%         2
 Scorch                   Fire           2%         2d5       28%         2
 Sublimation of Blood     Necr           1%         N/A       28%         2
 Ozocubu's Armour         Ice            7%         N/A       30%         3
 Spider Form              Tmut/Pois      6%         N/A       34%         3
 Inner Flame              Hex/Fire       1%         N/A       50%         3
 Petrify                  Tmut/Erth      6%         N/A       75%         4
 Cause Fear               Hex            0%         N/A       88%         4
 Flame Wave               Conj/Fire      1%         2d4       88%         4
 Irradiate                Conj/Tmut      3%         3d12      97%         5
 Metabolic Englaciation   Hex/Ice        2%         N/A       98%         5
 Manifold Assault         Tloc           1%         N/A       99%         5
 Simulacrum               Ice/Necr       2%         N/A       100%        6
 Summon Cactus Giant      Summ           0%         N/A       100%        6
 Storm Form               Tmut/Air       3%         N/A       100%        7
 Discord                  Hex            0%         N/A       100%        8


Dungeon Overview and Level Annotations

Branches:
Dungeon (4/15)
 Temple: D:4-7

Altars:
Wu Jian

Shops:
D:1 :


Innate Abilities, Weirdness & Mutations

You are a creature of crystalline ice.
You have a powerful freezing melee attack.
You are amphibious.
Your maximum health is increased.
Your armour is entirely melded.
You are incapable of wielding weapons or throwing items.
When hurt, damage is shared between your health and your magic reserves.
You regenerate magic rapidly.
Spells you cast may paralyse adjacent enemies.


Message History

The orc hits you but does no damage. 2 orcs come into view.
A gnoll comes into view. It is wielding a +0 spear.
The orc completely misses you.
A gnoll breaks down the door.
An orc comes into view. It is wielding a +0 short sword.
The gnoll hits you with a +0 halberd of venom!
You are lethally poisoned!
Things that are here:
a +0 flail; an orc corpse You are too injured to fight recklessly!
You hit the gnoll. You freeze the gnoll.
The gnoll is moderately wounded.
You feel very sick.
A jackal comes into view.
The gnoll hits you with a +0 halberd of venom!
* * * LOW HITPOINT WARNING * * *
The gnoll hits you from afar with a +0 spear.
* * * LOW HITPOINT WARNING * * *
The orc hits you with a +0 trident.
* * * LOW HITPOINT WARNING * * *
A jackal comes into view.
An orc comes into view. It is wielding a +0 club.
Unknown command.
You feel better.
A jackal comes into view.
The gnoll hits you from afar with a +0 spear.
* * * LOW HITPOINT WARNING * * *
The orc barely misses you.
You feel better. The gnoll misses you.
The gnoll hits you with a +0 halberd of venom.
* * * LOW HITPOINT WARNING * * *
The orc hits you with a +0 trident.
* * * LOW HITPOINT WARNING * * *
As you read the scroll of teleportation, it crumbles to dust.
You feel strangely unstable.
A jackal comes into view.
The gnoll hits you with a +0 whip.
* * * LOW HITPOINT WARNING * * *
The gnoll completely misses you. The orc hits you with a +0 trident.
You die...

## '. .# ###
h^#
#.##oh########
#.Yooh........
#$ggo.....#8..
#$##g'##..#
### .g.#.....
..# #### ..'.
####


You could see 4 gnolls, 4 orcs and 3 jackals.

Vanquished Creatures
  A jelly (D:4)
  An orc priest (D:3)
  Crazy Yiuf (D:3)
  5 adders
  3 worms (D:2)
  6 orcs
  7 ball pythons
  6 bats
  7 endoplasms
  A giant cockroach (D:2)
  10 goblins
  4 hobgoblins
  3 jackals (D:2)
  8 quokkas
  5 frilled lizards
  7 kobolds
  8 rats
83 creatures vanquished.

Notes
Turn   | Place    | Note
-------+----------+-------------------------------------------
     0 | D:1      | ytrimaz the Demonspawn Transmuter began the quest for the
                  | Orb.
     0 | D:1      | Reached XP level 1. HP: 15/15 MP: 3/3
   223 | D:1      | Reached skill level 3 in Unarmed Combat
   329 | D:1      | Gained mutation: Spells you cast may paralyse adjacent
                  | enemies. [demonic ancestry]
   329 | D:1      | Reached XP level 2. HP: 21/21 MP: 3/5
   332 | D:1      | Learned a level 2 spell: Wereblood
   493 | D:1      | Found Ettat's Book Shoppe.
   562 | D:1      | HP: 1/21 [constriction (1)]
  1059 | D:1      | Gained mutation: You regenerate magic rapidly. [demonic
                  | ancestry]
  1059 | D:1      | Reached XP level 3. HP: 12/26 MP: 4/6
  1697 | D:2      | Reached skill level 4 in Unarmed Combat
  1812 | D:2      | Gained mutation: When hurt, damage is shared between your
                  | health and your magic reserves. [demonic ancestry]
  1812 | D:2      | Reached XP level 4. HP: 32/32 MP: 5/7
  1817 | D:2      | Learned a level 4 spell: Ice Form
  1970 | D:2      | Found a faded altar of an unknown god.
  2532 | D:3      | Reached skill level 1 in Ice Magic
  2532 | D:3      | Reached XP level 5. HP: 21/37 MP: 3/8
  2977 | D:3      | Found a runed translucent door.
  2978 | D:3      | Noticed Crazy Yiuf
  3747 | D:3      | Killed Crazy Yiuf
  3748 | D:3      | Reached skill level 5 in Unarmed Combat
  3849 | D:4      | Found an ornate altar of the Wu Jian Council.
  3984 | D:4      | HP: 1/44 [orc/+0 trident (3)]
  3987 | D:4      | Slain by an orc

Illustrated notes

Levels and vault maps discovered:
D:1:      onia_arrival_mini_maze_b, layout_rooms, serial_shops,
          nicolae_shop_statue_plus, hangedman_decor_push
D:2:      layout_rooms, shapermc_ecumenical_altar_mp_vishouse,
          grunt_ministairs_12, kennysheep_flooded_box, minmay_heptomino_w4
D:3:      layout_basic, uniq_crazy_yiuf_cottage
D:4:      lemuel_castle_with_subvaults [lemuel_castle_interior_carwin_2],
          layout_rooms, mainiacjoe_overflow_alcove_1,
          nicolae_wu_jian_wuxing_cycle, serial_undead, serial_undead_a,
          serial_undead_b, serial_undead_f, serial_undead_e, uniq_sigmund

Skill      XL: |  1  2  3  4  5 |
---------------+----------------+-----
Unarmed Combat | 3 4 5 |  5.2
Transmutations | 2 |  2.5
Ice Magic      | 1 |  1.6
Fighting       | |  1.0
Dodging        | |  1.7
Spellcasting   | |  2.0

Action                   |  1- 3 |  4- 6 || total
-------------------------+-------+-------++-------
Melee: Unarmed           |   118 |    97 ||   215
       Kick              |    13 |    24 ||    37
       Headbutt          |    21 |    10 ||    31
       Punch             |     2 |     6 ||     8
 Cast: Beastly Appendage |    24 |    28 ||    52
       Wereblood         |     1 |     1 ||     2
       Ice Form          |       |     1 ||     1
  Use: Potion            |     1 |     2 ||     3
       Scroll            |     3 |     5 ||     8
 Stab: Paralysed         |     9 |    12 ||    21
Armor: Robe              |    21 |    18 ||    39
       Skin              |     7 |     1 ||     8
Dodge: Dodged            |   101 |    89 ||   190

Table legend: (Time is in decaauts)
 A = Elapsed time spent in this place.
 B = Non-inter-level travel time spent in this place.
 C = Inter-level travel time spent in this place.
 D = Time resting spent in this place.
 E = Time spent auto-exploring this place.
 F = Levels seen in this place.
 G = Mean time per level.
                   A        B        C        D        E       F      G
               +--------+--------+--------+--------+--------+-----+--------+
         Total |   3970 |   3885 |     85 |      0 |   3246 |   4 |  992.5 |
       Dungeon |   3970 |   3885 |     85 |      0 |   3246 |   4 |  992.5 |
               +--------+--------+--------+--------+--------+-----+--------+

Top non-repeatable levels by time:
     D:1: 1374 daAuts
     D:3: 1333 daAuts
     D:2: 1125 daAuts
     D:4: 137 daAuts
